 Dungeon Crawl Stone Soup version 0.19-a0-1899-g2d93087 (webtiles) character file.

14 vev the Sneak (level 2, -3/27 HPs)
             Began as a Naga Wanderer on Oct 19, 2016.
             Slain by an ooze (4 damage)
             ... on level 2 of the Dungeon.
             The game lasted 00:04:19 (529 turns).

vev the Sneak (Naga Wanderer)                        Turns: 529, Time: 00:04:19

Health: -3/27      AC:  1    Str: 12    XL:     2   Next: 41%
Magic:  2/6        EV:  9    Int: 12    God:
Gold:   33         SH:  0    Dex: 12    Spells: 1 memorised, 5 levels left

rFire  . . .     SeeInvis +     a - +0 shortbow
rCold  . . .     Gourm    .     e - +0 robe
rNeg   . . .     Faith    .     (shield currently unavailable)
rPois  +         Spirit   .     (no helmet)
rElec  .         Reflect  .     (no cloak)
rCorr  .         Harm     .     (no gloves)
MR     .....                    (no barding)
Stlth  ++........               (no amulet)
                                (no ring)
                                (no ring)

@: very slightly contaminated, very slow
A: see invisible, deformed body, poison resistance, slowness 2, slow metabolism
1, spit poison 1, AC +0
a: Spit Poison


You were on level 2 of the Dungeon.
You were not hungry.

You visited 1 branch of the dungeon, and saw 2 of its levels.

You collected 33 gold pieces.

Inventory:

Hand Weapons
 a - a +0 shortbow (weapon)
 b - a +0 mace
 f - a +0 dagger
 k - a +1 dagger of flaming
Missiles
 d - 17 arrows (quivered)
Armour
 e - a +0 robe (worn)
Scrolls
 h - 2 scrolls of identify {unknown}
Potions
 i - a potion of heal wounds {unknown}
 j - a potion of agility {unknown}
Books
 c - a book of Minor Magic

   Spells                             Type                      Level
   a - Magic Dart                     Conjuration                  1
   b - Blink                          Translocation                2
   c - Call Imp                       Summoning                    2
   d - Repel Missiles                 Charms/Air                   2
   e - Slow                           Hexes                        2
   f - Conjure Flame                  Conjuration/Fire             3
   g - Mephitic Cloud                 Conjuration/Poison/Air       3
Comestibles
 g - a bread ration
 l - 5 chunks of flesh


   Skills:
 + Level 2.4 Fighting
 - Level 1.0 Bows
 + Level 0.2 Dodging
 + Level 3.8 Stealth
 - Level 3.0 Spellcasting
   Level 1.0 Charms
   Level 1.0 Air Magic


You had 5 spell levels left.
You knew the following spells:

 Your Spells              Type           Power        Failure   Level  Hunger
b - Blink                 Tloc           N/A          38%         2    ###....


Dungeon Overview and Level Annotations

Branches:
Dungeon (1/15)

Altars:


Innate Abilities, Weirdness & Mutations

You cannot wear boots.
Your serpentine skin is tough. (AC +0)
You have supernaturally acute eyesight. (SInv)
Armour fits poorly on your strangely shaped body.
Your system is resistant to poisons. (rPois)
You cover ground very slowly.
You have a slow metabolism.
You can spit poison.


Message History

Aim: an adder (lightly wounded)
You shoot an arrow. The arrow hits the ooze.
The ooze is severely wounded.
The ooze hits you.
* * * LOW HITPOINT WARNING * * *
Casting: Blink
Confirm with . or Enter, or press ? or * to list all spells.
You miscast Blink.
You are very lightly contaminated with residual magic.
You catch a glimpse of the back of your own head.
The ooze hits you.
* * * LOW HITPOINT WARNING * * *
Unknown command.
Okay, then.
Casting: Blink
Confirm with . or Enter, or press ? or * to list all spells.
You miscast Blink.
The air around you crackles with energy!
The ooze hits you.
You die...

..?....
###.......
.(.>..... ..
K. ....(....
..( ##.
#........ ..#
#.. #..?...<.
#.##.# #S#
#.#.# #J# #
#..####@# #.
#.......# #.#
##.......#
#.#
##.#.######
#.###.##.#
#...###.#
#.### #.#
#####.#####.#
............#


You could see an ooze and an adder.

Vanquished Creatures
  A giant cockroach (D:1)
  2 goblins (D:1)
  2 hobgoblins
  A jackal (D:1)
  3 bats
  A frilled lizard (D:1)
  3 kobolds
13 creatures vanquished.

Notes
Turn   | Place    | Note
-------+----------+-------------------------------------------
     0 | D:1      | vev the Naga Wanderer began the quest for the Orb.
     0 | D:1      | vev set off with: a book of Minor Magic, a +0 mace, a +0 shortbow, 24 arrows, a +0 robe, a +0 dagger, a bread ration
     0 | D:1      | Reached XP level 1. HP: 19/19 MP: 4/4
   307 | D:1      | Reached XP level 2. HP: 17/26 MP: 6/6
   311 | D:1      | Learned a level 2 spell: Blink
   396 | D:1      | You fall through a shaft!
   528 | D:2      | HP: 1/27 [ooze (3)]
   529 | D:2      | Slain by an ooze

Vault maps used:
D:1:      dpeg_arrival_subterranean_lakeside_camping
D:2:      nicolae_overflow_hidden_temple, lemuel_crystal_altar,
          marbit_many_paths, ecumenical_altar_2, kennysheep_pointless_box,
          kennysheep_crisscross, uniq_terence, uniq_natasha

Action                   || total
-------------------------++-------
Melee: Mace              ||    21
       Dagger            ||     6
 Fire: Shortbow          ||    13
 Stab: Sleeping          ||     3
Armor: Robe              ||     3
Dodge: Dodged            ||    15
